 Dungeon Crawl Stone Soup version 0.21.1-1-g345015fe64 (webtiles) character file.

5948 Kohma the Blocker (level 10, -4/64 HPs)
             Began as a Gargoyle Fighter on June 17, 2018.
             Was an Elder of Trog.
             Killed from afar by a gargoyle (16 damage)
             ... with a stone arrow
             ... on level 9 of the Dungeon.
             The game lasted 00:32:43 (8752 turns).

Kohma the Blocker (Gargoyle Fighter)                Turns: 8752, Time: 00:32:44

Health: -4/64      AC: 20    Str: 23    XL:     10   Next: 84%
Magic:  10/10      EV:  9    Int: 12    God:    Trog [****..]
Gold:   432        SH: 12    Dex:  9    Spells: 9/9 levels left

rFire    . . .     SeeInvis +   p - +0 whip (flame)
rCold    . . .     Gourm    .   h - +0 shield
rNeg     + . .     Faith    .   z - +3 scale mail
rPois    ∞         Spirit   .   (no helmet)
rElec    +         Reflect  .   (no cloak)
rCorr    .         Harm     .   k - +1 pair of gloves
MR       ++...                  (no boots)
Stlth    ..........             (no amulet)
HPRegen  1.20/turn              M - +3 ring of intelligence
MPRegen  0.12/turn              H - ring of see invisible

@: regenerating
A: negative energy resistance 1, electricity resistance, unbreathing,
petrification resistance, rot immunity, AC +7
a: Berserk, Trog's Hand, Brothers in Arms, Burn Spellbooks, Renounce Religion


You were on level 9 of the Dungeon.
You worshipped Trog.
Trog was greatly pleased with you.
You were hungry.

You visited 2 branches of the dungeon, and saw 10 of its levels.
You also visited: Sewer.

You collected 432 gold pieces.

Inventory:

Hand Weapons
 a - a +1 flail
 p - a +0 whip of flaming (weapon)
 u - the +2 mace "Mifoenas" {crush, +Rage rElec rF+ Str-4}
   (You found it on level 4 of the Dungeon)

   It inflicts extra damage upon your enemies.
   It affects your strength (-4).
   It protects you from fire.
   It insulates you from electricity.
   It lets you go berserk.
 y - a cursed -1 shortbow
 G - the cursed +1 halberd "Feihieh" {chop, *Noise +Blink MR- Str+8, unknown}
   (You found it on level 5 of the Dungeon)

   It inflicts extra damage upon your enemies.
   It affects your strength (+8).
   It affects your resistance to hostile enchantments.
   It lets you blink.
   It may make noises in combat.
   It has a curse placed upon it.
Missiles
 e - 28 poisoned needles
 B - 3 tomahawks of dispersal (quivered)
 C - 103 arrows
 I - 2 javelins of penetration
Armour
 h - a +0 shield (worn)
 k - a +1 pair of gloves (worn)
 z - a +3 scale mail (worn)
 K - a +0 plate armour
Jewellery
 b - an uncursed ring of magical power
 c - an uncursed ring of ice
 H - a ring of see invisible (right hand)
 M - a +3 ring of intelligence (left hand)
Wands
 j - a wand of flame (72)
 r - a wand of scattershot (11)
 s - a wand of iceblast (16)
 E - a wand of disintegration (15)
 J - a wand of random effects (24)
Scrolls
 i - 3 scrolls of blinking
 n - 2 scrolls of teleportation
 o - 3 scrolls of enchant armour
 w - a scroll of amnesia
 D - a scroll of fear
 N - a scroll of identify
Potions
 d - 2 potions of might
 g - a potion of lignification
 m - 5 potions of curing
 t - a potion of agility
 v - a potion of haste {unknown}
 x - 4 potions of flight
 F - 3 potions of degeneration {unknown}
 O - a potion of invisibility {unknown}
Comestibles
 f - 12 rations
 l - 10 chunks of flesh


   Skills:
 + Level 7.9 Fighting
 * Level 9.5 Maces & Flails
 + Level 7.9 Armour
 * Level 10.5 Shields


You had 9 spell levels left.
You didn't know any spells.

Dungeon Overview and Level Annotations

Branches:
Dungeon (9/15)             Temple (1/1) D:6
   Lair: D:8-11         Orc: D:9-12

Altars:
Dithmenos
Gozag
Hepliaklqana
Makhleb
Ru
Trog
Xom
The Shining One

Shops:
D:9 %


Innate Abilities, Weirdness & Mutations

You are resistant to torment.
Your stone body is resilient. (AC +7)
You are immune to poison.
You resist negative energy. (rN+)
You are resistant to electric shocks. (rElec)
You can survive without breathing.
You are immune to petrification.
You are immune to rotting.


Message History

The gargoyle is heavily damaged.
You block the gargoyle's attack.
You hit the gargoyle but do no damage.
The gargoyle is heavily damaged.
You hit the gargoyle but do no damage.
The gargoyle is heavily damaged.
The gargoyle closely misses you.
You hit the gargoyle but do no damage.
The gargoyle is heavily damaged.
The gargoyle hits you with a morningstar!
* * * LOW HITPOINT WARNING * * *
You hit the gargoyle but do no damage.
The gargoyle is heavily damaged.
Okay, then.
Your skin crawls.
You feel resistant to hostile enchantments.
You are feeling hungry.
The gargoyle hurls a stone arrow at you.
The stone arrow hits you!
You die...

,* #.,* #..##.###.# #......(###.
,* #(.* #..##..##.# #..####..#**
,* #..###..##..##.# #..***#..#**
,* #.......##..##.# ###**......*
,***.......##.....# **#......#
,,,,,,.....##.....### *.........
,,,,,,**#.........).#**#.........
****,,* #%....##9...#*....##(.##.
* #..* #.##..##@).##*....*#W$#*.
* #..# #.##.Y##...# *,,,,,,⌠⌠,,,
* #..# #÷##..##...# *,,,,,,⌠⌠,,,
* #..# #.##..##...# *,,,,**,,**,
* #..###.##Y<##...# *,,,,**,,**,
# #......##YY##...# ***,,,,,,,,,
# #......##..##...# *,,,,,,,,, #
#......##..##...# ***,,,,,,* #
#..##..##.......# ****,,,,,,*


You could see a gargoyle.

Vanquished Creatures
  Pikel (D:5)
  3 hippogriffs
  6 yaks (D:9)
  The ghost of ponneigh the Poker, an amateur MiCK of Xom (D:4)
  A wyvern (D:9)
  Eustachio (D:4)
  3 orc warriors
  A sky beast (D:5)
  2 phantoms (D:7)
  2 black bears (D:9)
  A necrophage (D:9)
  4 centaurs
  5 ogres
  2 big kobolds
  5 bullfrogs
  6 scorpions
  2 howler monkeys
  5 crimson imps
  A quasit (D:7)
  5 hounds
  3 jellies
  A gnoll shaman (D:7)
  5 orc priests
  2 bullfrog skeletons (D:9)
  6 orc wizards
  5 iguanas
  9 gnolls
  A howler monkey skeleton (D:6)
  8 adders
  2 river rats
  2 shadow imps
  5 oozes
  2 adder skeletons
  4 worms
  A dart slug (D:3)
  5 leopard geckos
  23 orcs
  7 giant cockroaches
  4 goblins
  5 hobgoblins
  16 jackals
  6 quokkas
  11 bats
  6 frilled lizards
  14 kobolds
  13 rats
223 creatures vanquished.

Vanquished Creatures (others)
  A crimson imp (D:5)
  A hound zombie (D:5)
  An adder (D:5)
3 creatures vanquished.

Grand Total: 226 creatures vanquished

Notes
Turn   | Place    | Note
-------+----------+-------------------------------------------
     0 | D:1      | Kohma the Gargoyle Fighter began the quest for the Orb.
     0 | D:1      | Reached XP level 1. HP: 14/14 MP: 1/1
     1 | D:1      | Found a runed door.
     1 | D:1      | Noticed a jelly
    27 | D:1      | Reached XP level 2. HP: 16/19 MP: 2/2
    32 | D:1      | Reached XP level 3. HP: 15/24 MP: 3/3
    50 | D:1      | Reached XP level 4. HP: 18/29 MP: 4/4
   306 | D:1      | Reached skill level 4 in Shields
  1175 | D:2      | Found a bloodstained altar of Trog.
  1239 | D:2      | Became a worshipper of Trog the Wrathful
  1321 | D:2      | Reached XP level 5. HP: 33/33 MP: 5/5
  2043 | D:3      | Reached * piety under Trog
  2327 | D:4      | Noticed ponneigh's ghost (amateur MiCK)
  2395 | D:4      | Killed ponneigh's ghost
  2395 | D:4      | Reached skill level 5 in Shields
  2395 | D:4      | Reached XP level 6. HP: 36/39 MP: 6/6
  2520 | D:4      | Got a transparent mace
  2521 | D:4      | Identified the cursed +2 mace "Mifoenas" {crush, +Rage rElec rF+ Str-4} (You found it on level 4 of the Dungeon)
  3125 | D:4      | Noticed Eustachio
  3146 | D:4      | Killed Eustachio
  3146 | D:4      | Reached XP level 7. HP: 34/44 MP: 7/7
  3293 | D:5      | Entered Level 5 of the Dungeon
  3312 | D:5      | Reached skill level 5 in Armour
  3334 | D:5      | Noticed Pikel
  3370 | D:5      | Killed Pikel
  3370 | D:5      | Reached skill level 5 in Fighting
  3370 | D:5      | Reached skill level 5 in Maces & Flails
  3370 | D:5      | Reached skill level 6 in Shields
  3370 | D:5      | Reached XP level 8. HP: 29/50 MP: 8/8
  3596 | D:5      | Found a sacrificial altar of Ru.
  3620 | D:5      | Reached skill level 7 in Shields
  3851 | D:5      | Got an iridescent halberd
  4418 | D:6      | Found a staircase to the Ecumenical Temple.
  4428 | Temple   | Entered the Ecumenical Temple
  4493 | D:6      | Found an opulent altar of Gozag.
  4503 | D:6      | Found a sacrificial altar of Ru.
  4547 | D:6      | Reached XP level 9. HP: 55/55 MP: 9/9
  4597 | D:6      | Found a glowing drain.
  4608 | Sewer    | Entered a sewer
  4622 | Sewer    | Reached ** piety under Trog
  4744 | Sewer    | Found a white marble altar of Elyvilon.
  5077 | D:6      | Reached skill level 8 in Shields
  6342 | D:7      | Reached skill level 9 in Shields
  6350 | D:7      | Reached *** piety under Trog
  6386 | D:7      | Found a hazy altar of Hepliaklqana.
  6754 | D:7      | Reached XP level 10. HP: 60/63 MP: 10/10
  7447 | D:8      | Reached **** piety under Trog
  7805 | D:9      | Found Biugiezaut's Food Emporium.
  7878 | D:9      | Reached skill level 10 in Shields
  8691 | D:9      | Noticed a centaur warrior
  8692 | D:9      | Noticed a two-headed ogre
  8693 | D:9      | Noticed a deep elf mage
  8729 | D:9      | Noticed a gargoyle
  8752 | D:9      | Killed from afar by a gargoyle

Skill      XL: |  1  2  3  4  5  6  7  8  9 10 |
---------------+-------------------------------+-----
Shields        | 4 5 6 7 9 10 | 10.5
Armour         | 4 5 6 7 |  7.9
Fighting       | 4 5 6 7 |  7.9
Maces & Flails | 3 4 5 6 8 9 |  9.5

Action                   |  1- 3 |  4- 6 |  7- 9 | 10-12 || total
-------------------------+-------+-------+-------+-------++-------
Melee: Flail             |    46 |   319 |    42 |       ||   407
       Whip              |       |       |   611 |   541 ||  1152
Invok: Burn Spellbooks   |       |       |     1 |       ||     1
       Trog's Hand       |       |       |     2 |     1 ||     3
       Berserk           |       |       |     2 |       ||     2
  Use: Scroll            |       |    12 |     5 |     7 ||    24
       Potion            |       |       |     2 |     1 ||     3
  Eat: Chunk             |       |     8 |     8 |     7 ||    23
       Ration            |       |       |     2 |       ||     2
Armor: Scale mail        |    37 |   216 |    46 |    73 ||   372
       Plate armour      |       |       |   284 |   100 ||   384
Dodge: Dodged            |    18 |   127 |   103 |    78 ||   326
Block: Shield            |    21 |   214 |   271 |   241 ||   747
